Map: Eternal Empire LE

Players

SKillous

  • Race: Protoss Protoss
  • League: Grandmaster
  • Spawn Location: 7:00

HellraiseR - Winner!

  • Race: Protoss Protoss
  • League: Master
  • Spawn Location: 1:00

Event: DreamHack SC2 Masters 2020 Summer Europe

VOD

Have the link to the VOD?

Description

Time

  • Played on: June 30, 2020, 12:01 p.m.
  • Length: 9:25

All games in this series

Show
View Real Time Build Order
Export as new Build Order

SKillous Protoss 

Build Orders:  

Get SALT Encoding   

  12  0:00  Probe  
  13  0:12  Probe  
  14  0:17  Pylon  
  14  0:24  Probe  
  15  0:32  Probe  
  15  0:38  Gateway  
  15  0:40  Probe  
  16  0:46  Assimilator  
  17  0:51  Probe  
  17  0:55  Assimilator  
  18  0:59  Probe  
  19  1:07  Probe  
  19  1:13  Gateway  
  19  1:17  Probe  
  21  1:27  Cybernetics Core  
  21  1:29  Probe  
  22  1:35  Pylon  
  22  1:41  Probe  
  23  1:53  Probe  
  24  1:56  Warp Gate  
  24  2:03  Stalker x2  
  28  2:09  Pylon  
  28  2:33  Sentry  
  32  2:38  Stalker  
  32  2:49  Gateway, Robotics Facility  
  32  3:05  Stalker, Pylon  
  32  3:08  Stalker  
  36  3:13  Shield Battery  
  35  3:26  Warp Prism, Pylon  
  35  3:39  Shield Battery  
  37  3:43  Shield Battery  
  37  3:47  Sentry x2  
  41  3:52  Stalker  
  41  3:54  Pylon  
  43  4:14  Stalker x2  
  47  4:31  Stalker  
  49  4:48  Stalker  
  49  4:49  Probe  
  49  4:51  Observer  
  53  4:55  Pylon  
  53  5:06  Stalker x2  
  55  5:14  Probe  
  56  5:28  Stalker  
  58  5:36  Stalker x2  
  58  5:41  Pylon  
  60  5:53  Stalker  
  55  6:06  Stalker x2  
  41  6:26  Adept x2  
  35  6:45  Stalker x2  
  39  6:48  Stalker  
  39  6:52  Observer  
  33  6:55  Warp Prism  
  33  6:57  Stalker  
  35  7:08  Shield Battery  
  33  7:10  Adept x2  
  37  7:20  Stalker  
  39  7:28  Gateway  
  39  7:29  Stalker  
  41  7:38  Stalker  
  43  7:49  Adept  
  45  7:53  Adept  
  43  8:05  Adept  
  43  8:07  Stalker  
  43  8:12  Stalker  
  49  8:33  Stalker x2  
  51  8:44  Sentry  
  51  8:46  Sentry  
  53  9:00  Adept x2  
  46  9:18  Stalker  
Show
View Real Time Build Order
Export as new Build Order

HellraiseR Protoss - Winner!

Build Orders: Oracle Opening 

Get SALT Encoding   

  12  0:00  Probe  
  13  0:12  Probe  
  14  0:18  Pylon  
  14  0:22  Probe  
  15  0:32  Probe  
  15  0:38  Gateway  
  15  0:41  Probe  
  16  0:46  Assimilator  
  17  0:53  Probe  
  17  0:55  Assimilator  
  18  1:01  Probe  
  18  1:09  Probe  
  19  1:11  Gateway  
  20  1:20  Probe  
  20  1:25  Cybernetics Core  
  21  1:32  Probe  
  22  1:34  Pylon  
  22  1:44  Probe  
  23  1:56  Probe  
  23  2:01  Adept x2  
  28  2:10  Pylon  
  28  2:15  Stargate  
  28  2:26  Pylon  
  28  2:31  Stalker  
  28  2:35  Stalker  
  31  2:47  Probe  
  31  2:50  Oracle  
  32  3:00  Probe  
  36  3:12  Probe  
  37  3:19  Gateway  
  37  3:28  Pylon  
  39  3:36  Probe  
  38  3:41  Void Ray  
  38  3:47  Shield Battery  
  33  3:48  Warp Gate  
  40  3:49  Sentry  
  40  3:51  Pylon  
  40  3:57  Shield Battery  
  40  4:02  Shield Battery  
  40  4:07  Stalker  
  42  4:22  Stalker  
  44  4:33  Stalker  
  46  4:41  Pylon  
  46  4:58  Void Ray  
  48  5:15  Gateway x2  
  46  5:36  Sentry, Stalker  
  46  5:40  Pylon  
  46  5:42  Pylon  
  50  5:53  Pylon  
  50  5:58  Void Ray  
  50  6:05  Stalker  
  50  6:11  Stalker  
  48  6:13  Zealot  
  48  6:15  Probe  
  41  6:30  Stalker  
  41  6:31  Probe  
  42  6:43  Probe  
  41  6:55  Probe  
  42  7:08  Nexus  
  43  7:12  Robotics Facility  
  42  7:16  Probe  
  43  7:27  Pylon  
  43  7:44  Stalker x2  
  47  7:45  Sentry  
  47  7:47  Shield Battery  
  49  7:57  Immortal  
  53  8:22  Stalker  
  55  8:31  Stalker  
  57  8:40  Observer  
  57  8:41  Zealot  
  59  8:45  Probe  
  59  8:46  Probe  
  61  8:52  Stalker  
  63  8:59  Shield Battery, Probe  
  62  9:05  Adept x2  
  62  9:09  Probe  
  67  9:15  Stalker  
Tags
 
Add a new tag
Caveats
  • Supply blocks, unpowered buildings, or Contaminate may cause inaccurate times.
  • Supply counts are checked every 10 seconds.